 Dungeon Crawl Stone Soup version 0.20-a0-345-gbfb25ec (webtiles) character file.

164 ololoev the Firebug (level 5, -3/42 HPs)
             Began as a Naga Fire Elementalist on Dec 22, 2016.
             Was an Initiate of Yredelemnul.
             Killed by divine providence
             ... invoked by an orc priest
              (18 damage)
             ... on level 3 of the Dungeon.
             The game lasted 00:14:01 (3121 turns).

ololoev the Firebug (Naga Fire Elementalist)        Turns: 3121, Time: 00:14:03

Health: -3/42      AC:  3    Str: 11    XL:     5   Next: 45%
Magic:  7/9        EV:  9    Int: 16    God:    Yredelemnul [......]
Gold:   168        SH:  3    Dex: 11    Spells: 1/9 levels left

rFire  . . .     SeeInvis +     C - +1 dagger (elec)
rCold  . . .     Gourm    .     a - +0 robe
rNeg   . . .     Faith    .     z - +0 buckler
rPois  +         Spirit   .     (no helmet)
rElec  .         Reflect  .     v - +0 cloak
rCorr  .         Harm     +     (no gloves)
MR     .....                    (no barding)
Stlth  +++.......               l - amulet of harm
                                (no ring)
                                m - ring of stealth

@: short of breath, very slow
A: see invisible, deformed body, poison resistance, slowness 2, slow metabolism
1, spit poison 1, AC +1
a: Spit Poison, Renounce Religion


Innate Abilities, Weirdness & Mutations

You cannot wear boots.
Your serpentine skin is tough. (AC +1)
You have supernaturally acute eyesight. (SInv)
Armour fits poorly on your strangely shaped body.
Your system is resistant to poisons. (rPois)
You cover ground very slowly.
You have a slow metabolism.
You can spit poison.

Inventory:

Hand Weapons
 w - a +0 mace
 C - a +1 dagger of electrocution (weapon)
Armour
 a - a +0 robe (worn)
 v - a +0 cloak (worn)
 z - a +0 buckler (worn)
Jewellery
 l - an amulet of harm (around neck)
 m - a ring of stealth (left hand)
Wands
 y - a wand of slowing (18/48)
Scrolls
 e - a scroll of fog {unknown}
 g - a scroll of identify
 h - a scroll of enchant armour {unknown}
 j - 7 scrolls of remove curse
 p - a scroll of random uselessness {unknown}
 r - a scroll of fear {unknown}
 s - a scroll of teleportation
 u - a scroll of magic mapping {unknown}
 x - a scroll of immolation {unknown}
 A - a scroll of amnesia {unknown}
Potions
 d - a potion of lignification {unknown}
 f - a potion of resistance {unknown}
 i - 2 potions of curing {unknown}
 k - a potion of haste {unknown}
 q - a potion of flight {unknown}
 t - a potion of might {unknown}
Books
 b - a book of Flames

   Spells                             Type                      Level
   a - Flame Tongue                   Conjuration/Fire             1
   b - Throw Flame                    Conjuration/Fire             2
   c - Conjure Flame                  Conjuration/Fire             3
   d - Inner Flame                    Hexes/Fire                   3
   e - Sticky Flame                   Conjuration/Fire             4
   f - Fireball                       Conjuration/Fire             5
Comestibles
 c - 3 bread rations
 n - 2 meat rations
 o - 3 fruits


   Skills:
 * Level 0.6 Maces & Flails
 + Level 0.7 Armour
 - Level 1.5 Dodging
 - Level 3.0 Stealth
 * Level 0.8 Shields
 + Level 2.8 Spellcasting
 * Level 3.0 Conjurations
 * Level 3.8 Fire Magic
 + Level 0.7 Invocations


You had one spell level left.
You knew the following spells:

 Your Spells              Type           Power        Failure   Level  Hunger
a - Flame Tongue          Conj/Fire      ##...        8%          1    #......
b - Conjure Flame         Conj/Fire      ##......     21%         3    ###....
c - Sticky Flame          Conj/Fire      ##......     69%         4    #####..


You were on level 3 of the Dungeon.
You worshipped Yredelemnul.
Yredelemnul was noncommittal.
You were not hungry.

You visited 1 branch of the dungeon, and saw 4 of its levels.

You collected 168 gold pieces.

.##....###(.......# #.##.#
......)<##........# #....#
#...###)..........# ##.#.#
.....##[...#....### #.#.#
.....##.......#.# #.#.#
##........#####.# #.#.#
#.....#...#####.## #.<.#
#.##............o######..##
..##>...#.#####o@o.......####
###.....#..######...........#####
#.#.####...# #.#.....###......
##.#.## ###.####.####.....####..
#..#..## ##..(...# #.###......#
##.###..###......## #.# ##...###
#..###............## #.###..#...(
#.#................###.##..#####.
##..........)....÷...............

Notes
Turn   | Place    | Note
-------+----------+-------------------------------------------
     0 | D:1      | ololoev the Naga Fire Elementalist began the quest for the Orb.
     0 | D:1      | Reached XP level 1. HP: 15/15 MP: 3/3
   432 | D:1      | Reached XP level 2. HP: 22/22 MP: 3/5
   631 | D:1      | Reached XP level 3. HP: 28/28 MP: 4/6
   647 | D:1      | Iwannabefree: !log ololoev
   647 | D:1      | beem: 3209. ololoev, XL10 NaFE, T:7531: http://crawl.xtahua.com/crawl/morgue/ololoev/morgue-ololoev-20161222-095219.txt
   647 | D:1      | ololoev: v obshem nafig nag chei
   647 | D:1      | ololoev: v early nejiznesposobniy variant
   803 | D:1      | Iwannabefree: хуй знает насчет этого кстати
   806 | D:1      | Iwannabefree: у меня была одна
   808 | D:1      | Iwannabefree: единственная
   822 | D:1      | Iwannabefree: до вольтов дошла
   824 | D:1      | Iwannabefree: при том что я был тем еще ньюфагом тогда
   824 | D:1      | ololoev: nu tut prosto kak povezet
   824 | D:1      | ololoev: s bolshoi veroyatnost'u ne povezet
  1065 | D:1      | Iwannabefree: ты сам виноват тащемто
  1082 | D:2      | Iwannabefree: не скипнул бейли
  1082 | D:2      | Iwannabefree: нинужный
  1082 | D:2      | Iwannabefree: он как вулкан
  1082 | D:2      | ololoev: menya tuda zakinulo telekom
  1082 | D:2      | Iwannabefree: мб чуть получше
  1082 | D:2      | ololoev: et one beili
  1082 | D:2      | ololoev: eto fortress
  1082 | D:2      | Iwannabefree: ebat
  1082 | D:2      | Iwannabefree: proebalsa
  1278 | D:2      | Iwannabefree: у меня смерти от орков под френзи всегда ассоциируются с бейли
  1376 | D:2      | Found a blossoming altar of Fedhas.
  1391 | D:2      | Found a stormy altar of Qazlal.
  1480 | D:2      | Found a shattered altar of Ashenzari.
  1541 | D:2      | Reached XP level 4. HP: 31/36 MP: 4/8
  1759 | D:3      | Found a basalt altar of Yredelemnul.
  1868 | D:3      | Became a worshipper of Yredelemnul the Dark
  1873 | D:3      | Learned a level 3 spell: Conjure Flame
  1878 | D:3      | Learned a level 4 spell: Sticky Flame
  1932 | D:3      | Found a snail-covered altar of Cheibriados.
  2665 | D:4      | Reached XP level 5. HP: 42/42 MP: 4/9
  3077 | D:3      | Goblin1989: делаешь всех FE?
  3089 | D:3      | ololoev: yep
  3121 | D:3      | Killed from afar by an orc priest

Dungeon Overview and Level Annotations

Branches:
Dungeon (4/15)
 Temple: D:4-7

Altars:
Ashenzari
Cheibriados
Fedhas
Qazlal
Yredelemnul


Message History

Press: ? - help, Shift-Dir - straight line, f - orc
Aim: an orc, wielding a club and wearing a ring mail (moderately wounded)
The flame tongue hits the orc.
You kill the orc!
Yredelemnul accepts your kill.
Casting: Flame Tongue
Confirm with . or Enter, or press ? or * to list all spells.
You can't see any susceptible monsters within range! (Use Z to cast anyway.)
Things that are here:
a club; a ring mail; an orc corpse You butcher the orc corpse.
B - 3 chunks of flesh
Things that are here:
a club; a ring mail Eating one of 3 chunks of flesh.
You start eating one of the 3 chunks of flesh.
You are feeling hungry.
This raw flesh tastes terrible.
There is a stone staircase leading down here.
You start resting.
Magic restored.
You start resting.
HP restored.
You climb downwards.
There is a stone staircase leading up here.
Items here: )) [[ ÷ a ring mail; a club; a robe; a dagger of electrocution; an orc skeleton Done exploring.
Done exploring.
C - a dagger of electrocution Wield which item (- for none, * to show all)? (? for menu, Esc to quit)
You hear the crackle of electricity.
C - a +1 dagger of electrocution (weapon)
Done exploring.
Done exploring.
Done exploring.
There is a stone staircase leading down here.
All of the chunks of flesh in your inventory have rotted away.
There is a stone staircase leading down here.
(D) Dungeon
Where to? (Enter - D:3 @ (x,y), ? - help)
You climb downwards.
The orc hits you with a short sword.
The orc wizard gestures at you while chanting.
The magic dart hits you! The orc priest barely misses you.
There is a stone staircase leading up here.
The orc barely misses you. The orc wizard hits you with a dagger.
The orc priest invokes the aid of Beogh against you.
Beogh smites you!
You climb upwards.
There is a stone staircase leading down here.
Unknown command.
Use which ability? (? or * to list)
Press: ? - help, Shift-Dir - straight line, f - orc priest
Aim: an orc priest, wielding a club The splash of poison misses the orc priest.
You feel slightly more hungry. The orc hits you with a short sword.
The orc wizard hits you with a dagger. The orc priest hits you with a club.
Casting: Flame Tongue
Confirm with . or Enter, or press ? or * to list all spells.
Aiming: Flame Tongue
Press: ? - help, Shift-Dir - straight line, f/p - orc priest
Aim: an orc priest, wielding a club The flame tongue hits the orc priest.
The orc priest is almost dead.
The orc hits you but does no damage.
The orc wizard hits you but does no damage.
The orc priest barely misses you.
Casting: Flame Tongue
Confirm with . or Enter, or press ? or * to list all spells.
Aiming: Flame Tongue
Press: ? - help, Shift-Dir - straight line, f/p - orc priest
Aim: an orc priest, wielding a club (almost dead)
The flame tongue hits the orc priest.
The orc priest appears unharmed.
The orc priest is almost dead.
You block the orc's attack.
The orc wizard hits you but does no damage.
The orc priest invokes the aid of Beogh against you.
Beogh smites you!
You die...
Your body rises from the dead as a mindless zombie.

You could see an orc priest, an orc wizard and an orc.

Vanquished Creatures
  2 orc wizards
  2 adders
  An ooze (D:1)
  2 dart slugs (D:1)
  A leopard gecko (D:1)
  10 orcs
  5 giant cockroaches
  9 goblins
  7 hobgoblins
  4 jackals (D:2)
  4 kobolds
  A quokka (D:3)
  9 bats
  6 frilled lizards
  8 rats
71 creatures vanquished.

Action                   |  1- 3 |  4- 6 || total
-------------------------+-------+-------++-------
Melee: Unarmed           |     8 |       ||     8
 Cast: Flame Tongue      |    27 |    57 ||    84
 Abil: Spit Poison       |    36 |    23 ||    59
  Use: Scroll            |       |     3 ||     3
  Eat: Chunk             |     3 |     6 ||     9
Armor: Robe              |     2 |    13 ||    15
Dodge: Dodged            |    13 |    29 ||    42
Block: Buckler           |       |     7 ||     7

Vault maps used:
D:1:      dpeg_arrival_rhombi, minmay_tetromino_o4
D:2:      grunt_temple_overflow_forces_of_nature, marbit_many_paths
D:3:      yredelemnul_altar_generic, first_bread, cheibriados_altar_wand_db
D:4:      minmay_ogre_servants, uniq_grinder
